 Seeded DCSS version 0.32-a0-473-gd044c6f0f0 (webtiles) character file.

Game seed: 3342665431591073458 (custom seed)

164 CougarLife the Digger (level 5, -6/28 HPs)
             Began as a Gargoyle Earth Elementalist on Feb 25, 2024.
             Was a Follower of Vehumet.
             Killed by divine providence
             ... invoked by an orc priest
              (15 damage)
             ... on level 3 of the Dungeon.
             The game lasted 00:02:51 (2381 turns).

CougarLife the Digger (Gargoyle Earth Elementalist) Turns: 2381, Time: 00:02:51

Health: -6/28      AC:  7    Str: 11    XL:     5   Next: 45%
Magic:  1/10       EV: 11    Int: 18    God:    Vehumet [*.....]
Gold:   50         SH:  0    Dex: 10    Spells: 9/10 levels left

rFire   . . .        m - +2 mace (holy)
rCold   . . .        (no shield)
rNeg    + + .        a - +0 robe
rPois   ∞            i - +0 helmet
rElec   +            (no cloak)
rCorr   +            (no gloves)
SInv    .            (no boots)
Will    .....        n - amulet of regeneration
Stlth   ++           d - ring of resist corrosion
HPRegen 1.04/turn    k - ring of positive energy
MPRegen 0.12/turn

%: no passive effects
@: no status effects
A: sickness immunity, AC +4, negative energy resistance 1, electricity
resistance, torment resistance 1, petrification resistance
a: Renounce Religion


You were on level 3 of the Dungeon.
You worshipped Vehumet.
Vehumet was aware of your devotion.
You visited 1 branch of the dungeon, and saw 3 of its levels.

You collected 50 gold pieces.

Inventory:

Hand Weapons
 m - a +2 mace of holy wrath (weapon)
Armour
 a - a +0 robe (worn)
 i - a +0 helmet (worn)
Jewellery
 d - a ring of resist corrosion (left hand)
 k - a ring of positive energy (right hand)
 n - an amulet of regeneration (around neck)
Scrolls
 c - 2 scrolls of teleportation {unknown}
 f - a scroll of amnesia {unknown}
 h - a scroll of brand weapon {unknown}
 j - 5 scrolls of identify {unknown}
Potions
 b - a potion of magic
 e - a potion of heal wounds {unknown}
 g - a potion of might {unknown}
 l - a potion of lignification {unknown}


   Skills:
 - Level 1.5 Dodging
 - Level 2.1 Stealth
 + Level 3.3 Spellcasting
 + Level 3.2 Conjurations
 + Level 5.0 Earth Magic


You had 9 spell levels left.
You knew the following spells:

 Your Spells              Type           Power      Damage    Failure   Level
a - Sandblast             Erth           42%        2d11      1%          1

Your spell library contained the following spells:

 Spells                   Type           Power      Damage    Failure   Level
 Magic Dart               Conj           56%        1d5       4%          1
 Passwall                 Erth           21%        N/A       6%          3
 Shock                    Conj/Air       32%        1d5       9%          1
 Sting                    Conj/Alch      32%        1d5       9%          1
 Stone Arrow              Conj/Erth      34%        3d9       9%          3
 Apportation              Tloc           6%         N/A       16%         1
 Necrotise                Necr           12%        1d4       16%         1
 Summon Small Mammal      Summ           12%        N/A       16%         1
 Brom's Barrelling Bould  Conj/Erth      17%        2d4       28%         4
 Swiftness                Air            3%         N/A       43%         3
 Petrify                  Alch/Erth      12%        N/A       50%         4
 Airstrike                Air            1%         2d(1-17)  83%         4
 Ignite Poison            Fire/Alch      3%         N/A       83%         4
 Freezing Cloud           Conj/Ice/Air   3%         6-21      95%         5
 Cigotuvi's Dreadful Rot  Necr/Alch/Air  Unusable   N/A       N/A         2

Dungeon Overview and Level Annotations

Branches:
Dungeon (3/15)

Altars:
Vehumet

Annotations:
D:2 1 runed translucent door, Crazy Yiuf


Innate Abilities, Weirdness & Mutations

You are immune to sickness and miasma.
Your stone body is resilient. (AC +4)
You are immune to poison.
You resist negative energy. (rN+)
You are resistant to electric shocks. (rElec)
You are resistant to unholy torment.
You are immune to petrification.


Message History

Confirm with . or Enter, or press ? or * to list all spells.
Aiming: Sandblast (safe; 1% risk of failure)
Press: ? - help, Shift-Dir - straight line, f/p - orc priest
Aim: an orc priest, wielding a +2 flail of protection and wearing a +0 ring mail (85% to hit)
The blast of sand hits the orc priest.
The orc priest is moderately wounded.
The endoplasm closely misses you. The adder bites you but does no damage.
The orc priest hits you but does no damage.
The endoplasm barely misses you. The adder bites you.
The orc priest attacks as it pursues you!
The orc priest hits you with a +2 flail of protection!
The orc priest looks satisfied for a moment.
Casting: Sandblast (safe; 1% risk of failure)
Confirm with . or Enter, or press ? or * to list all spells.
Aiming: Sandblast (safe; 1% risk of failure)
Press: ? - help, Shift-Dir - straight line, f/p - orc priest
Aim: an orc priest, wielding a +2 flail of protection and wearing a +0 ring mail (moderately wounded, 85% to hit)
The blast of sand hits the orc priest.
The orc priest is moderately wounded.
The adder barely misses you. The adder bites you.
The orc priest mumbles some strange prayers to Beogh against you.
Beogh smites you!
Ouch! That really hurt!
* * * LOW HITPOINT WARNING * * *
The orc priest mumbles some strange prayers to Beogh against you.
Pain shoots through your body!
* * * LOW HITPOINT WARNING * * *
The adder barely misses you.
Casting: Sandblast (safe; 1% risk of failure)
Confirm with . or Enter, or press ? or * to list all spells.
Aiming: Sandblast (safe; 1% risk of failure)
Press: ? - help, Shift-Dir - straight line, f/p - orc priest
Aim: an orc priest, wielding a +2 flail of protection and wearing a +0 ring mail (moderately wounded, 85% to hit)
The blast of sand hits the orc priest but does no damage.
The orc priest is moderately wounded.
The adder barely misses you. The endoplasm misses you.
The orc priest mumbles some strange prayers to Beogh against you.
Beogh smites you!
Ouch! That really hurt!
You die...

.######...........# #
#....########
####'#### #.......#
#.⌠.†.⌠.# #.......###
#########
+...⌠...'.###....[..#
#.......#.....J.....#
#.⌠...⌠.#####@S.....#
#.[.....# #.......#
####+#### #..o....#
#†......#
#.......###'##
#.............
#######.......
..).... .......


You could see an orc priest, an adder and an endoplasm.

Vanquished Creatures
  Natasha (thrice) (D:2)
  Robin (D:2)
  An adder (D:3)
  3 dart slugs
  2 orcs (D:3)
  9 ball pythons
  4 endoplasms
  3 giant cockroaches
  8 goblins
  6 hobgoblins
  4 jackals (D:1)
  A quokka (D:1)
  6 bats
  2 frilled lizards
  2 kobolds (D:2)
  9 rats
64 creatures vanquished.

Notes
Turn   | Place    | Note
-------+----------+-------------------------------------------
     0 | D:1      | CougarLife the Gargoyle Earth Elementalist began the quest
                  | for the Orb.
     0 | D:1      | Reached XP level 1. HP: 10/10 MP: 3/3
   103 | D:1      | Reached XP level 2. HP: 15/15 MP: 0/5
   420 | D:1      | Reached skill level 4 in Earth Magic
   696 | D:1      | Reached XP level 3. HP: 16/19 MP: 2/6
   982 | D:2      | Found a radiant altar of Vehumet.
   992 | D:2      | Became a worshipper of Vehumet
  1096 | D:2      | Noticed Robin
  1132 | D:2      | Killed Robin
  1395 | D:2      | Found a runed translucent door.
  1396 | D:2      | Noticed Crazy Yiuf
  1562 | D:2      | Reached XP level 4. HP: 22/24 MP: 4/8
  1725 | D:2      | Noticed Natasha
  1729 | D:2      | Killed Natasha
  1837 | D:2      | Noticed Natasha
  1840 | D:2      | Killed Natasha
  1913 | D:2      | Noticed Natasha
  1920 | D:2      | Killed Natasha
  1921 | D:2      | Reached XP level 5. HP: 3/28 MP: 3/9
  2188 | D:3      | Reached skill level 5 in Earth Magic
  2340 | D:3      | Reached * piety under Vehumet
  2340 | D:3      | Offered knowledge of Magic Dart by Vehumet.
  2381 | D:3      | Killed from afar by an orc priest

Illustrated notes

Levels and vault maps discovered:
D:1:      minmay_arrival_stair_chambers, layout_loops_cross
D:2:      layout_basic, basic_altar, chequers_serial_rivers_marsh, uniq_robin,
          uniq_natasha, uniq_crazy_yiuf_cottage
D:3:      layout_basic, gammafunk_ghost_nasty_kobolds,
          ebering_ecumenical_altar_webs, nrook_mini_vaults, minmay_fountain_box,
          minmay_cupped

Skill      XL: |  1  2  3  4  5 |
---------------+----------------+-----
Earth Magic    | 4 5 |  5.0
Conjurations   | 2 3 |  3.2
Spellcasting   | 3 |  3.3
Dodging        | |  1.5
Stealth        | |  2.1

Action                     |  1- 3 |  4- 6 || total
---------------------------+-------+-------++-------
  Melee: Mace              |     9 |       ||     9
   Cast: Sandblast         |    49 |    43 ||    92
 Armour: Robe              |    10 |    20 ||    30
  Dodge: Dodged            |    21 |    24 ||    45

Table legend: (Time is in decaauts)
 A = Elapsed time spent in this place.
 B = Non-inter-level travel time spent in this place.
 C = Inter-level travel time spent in this place.
 D = Time resting spent in this place.
 E = Time spent auto-exploring this place.
 F = Levels seen in this place.
 G = Mean time per level.
                   A        B        C        D        E       F      G
               +--------+--------+--------+--------+--------+-----+--------+
         Total |   2440 |   2409 |     31 |    409 |   1607 |   3 |  813.3 |
       Dungeon |   2440 |   2409 |     31 |    409 |   1607 |   3 |  813.3 |
               +--------+--------+--------+--------+--------+-----+--------+

Top non-repeatable levels by time:
     D:1: 1158 daAuts
     D:2: 1069 daAuts
     D:3: 212 daAuts
